 Dungeon Crawl Stone Soup version 0.31.0-32-g396128a36d (webtiles) character file.

Game seed: 245462259509952935

1979 spaghetti the Trooper (level 9, 0/72 HPs)
             Began as a Demonspawn Chaos Knight on Mar 21, 2024.
             Was a Plaything of Xom.
             Slain by a steam dragon (2 damage)
             ... on level 6 of the Dungeon.
             The game lasted 00:08:43 (5876 turns).

spaghetti the Trooper (Demonspawn Chaos Knight)     Turns: 5876, Time: 00:08:44

Health: 0/72       AC: 11    Str: 12    XL:     9   Next: 1%
Magic:  9/9        EV: 14    Int: 19    God:    Xom [..*...]
Gold:   335        SH:  0    Dex: 17    Spells: 8/8 levels left

rFire   . . .        i - +4 short sword (elec)
rCold   . . .        (no shield)
rNeg    . . .        b - +2 leather armour
rPois   +            (helmet restricted)
rElec   .            (no cloak)
rCorr   .            r - +2 pair of gloves
SInv    .            (no boots)
Will    +....        h - amulet of magic regeneration
Stlth   +            m - +6 ring of intelligence
HPRegen 0.32/turn    (no ring)
MPRegen 0.62/turn

%: no passive effects
@: invisible
A: hooves 2, slimy green scales 1, foul stench 1, magic regeneration, horns 1,
strong-willed 1, poison resistance
a: Renounce Religion


You were on level 6 of the Dungeon.
You worshipped Xom.
You were a toy of Xom.
You visited 1 branch of the dungeon, and saw 6 of its levels.
You also visited: Sewer.

You collected 335 gold pieces.

Inventory:

Hand Weapons
 a - a +0 falchion of chaos
 d - a +4 short sword
 i - a +4 short sword of electrocution (weapon)
Missiles
 n - 8 boomerangs (quivered)
Armour
 b - a +2 leather armour (worn)
 e - a +0 pair of gloves
 r - a +2 pair of gloves (worn)
Jewellery
 h - an amulet of magic regeneration (around neck)
 m - a +6 ring of intelligence (left hand)
 o - a +6 ring of dexterity
 u - a ring of positive energy
Wands
 q - a wand of iceblast (6)
Scrolls
 c - a scroll of butterflies
 f - 2 scrolls of blinking
 g - 4 scrolls of teleportation
 j - 2 scrolls of noise
 k - a scroll of amnesia
 p - a scroll of fog
 t - a scroll of identify


   Skills:
 + Level 7.5 Fighting
 - Level 2.6 Long Blades
 + Level 6.3 Armour
 + Level 6.1 Dodging


You had 8 spell levels left.
You didn't know any spells.
Your spell library contained the following spells:

 Spells                   Type           Power      Damage    Failure   Level
 Summon Small Mammal      Summ           0%         N/A       26%         1
 Call Canine Familiar     Summ           0%         N/A       58%         3
 Summon Blazeheart Golem  Fire/Summ      0%         N/A       94%         4


Dungeon Overview and Level Annotations

Branches:
Dungeon (6/15)              Sewer (visited)
 Temple: D:4-7

Altars:
Trog
Uskayaw
Xom

Shops:
D:4 [


Innate Abilities, Weirdness & Mutations

You have hoof-like feet.
You are partially covered in slimy green scales. (AC +2)
You may rarely emit foul miasma when damaged in melee.
You regenerate magic rapidly.
You have a pair of small horns on your head.
You are strong-willed. (Will+)
Your system is resistant to poisons. (rPois)


Message History

You hit the gnoll. Your kick misses the gnoll.
The gnoll is moderately wounded.
The gnoll sergeant hits you from afar with a +0 trident.
* * * LOW HITPOINT WARNING * * *
The ice beast misses you. The gnoll barely misses you. x2
The steam dragon misses you. x2
You hit the gnoll. You kick the gnoll. Your headbutt misses the gnoll.
The gnoll is heavily wounded.
The gnoll sergeant misses you. The ice beast misses you.
The gnoll barely misses you. The gnoll hits you but does no damage.
The steam dragon breathes steam at you. The ball of steam misses you.
You catch the helpless gnoll completely off-guard!
You puncture the gnoll!
You kill the gnoll!
* * * LOW HITPOINT WARNING * * *
The steam dragon misses you. The steam dragon closely misses you.
You catch the helpless gnoll completely off-guard!
You puncture the gnoll! You kick the gnoll.
You kill the gnoll!
* * * LOW HITPOINT WARNING * * *
The gnoll sergeant closely misses you. The steam dragon misses you.
The steam dragon claws you but does no damage.
The gnoll sergeant blocks your attack.
Your kick misses the gnoll sergeant.
The hound is engulfed in a cloud of scalding steam.
The hound closely misses you.
The hound is engulfed in a cloud of scalding steam.
The hound closely misses you.
You catch the helpless gnoll sergeant completely off-guard!
You hit the gnoll sergeant.
Lightning courses through the gnoll sergeant!
The gnoll sergeant is heavily wounded.
You hear Xom's avuncular chuckle.
The hound evaporates and reforms as a quokka!
You are now a toy of Xom.
The gnoll sergeant hits you with a +0 trident!
* * * LOW HITPOINT WARNING * * *
The steam dragon bites you.
You die...
Xom laughs nastily!

#.# #.# #### . #.# #.#
#.. .D.. #.# #.# #.#
...## #.# #.#
##.#####.#.#!# #.# #.#
#...##........ #.#
#§####.#.##.#.#.#.#
#>####.##...#...§.......
#.......).#####§rD......
######......#..)@Y......
#......#§.§§g......
######.............
#...###(...... #####
....... #######


You could see a steam dragon (unable to see you), an ice beast (unable to see
you), a gnoll sergeant (unable to see you) and a quokka (unable to see you).

Vanquished Creatures
  Menkaure (D:5)
  2 ice beasts
  An ogre (D:6)
  A centaur (D:5)
  3 phantoms
  2 bullfrogs (Sewer)
  3 scorpions
  6 killer bees (D:6)
  3 bombardier beetles (D:5)
  2 hounds (D:5)
  2 sleepcaps
  3 iguanas
  Robin (D:3)
  7 gnolls
  A river rat (D:3)
  17 adders
  An ufetubus (D:5)
  A ribbon worm (D:2)
  13 dart slugs
  8 orcs
  12 ball pythons
  4 endoplasms
  11 giant cockroaches
  11 goblins
  8 hobgoblins
  6 jackals
  3 quokkas
  A bat (D:2)
  13 frilled lizards
  5 kobolds
  2 rats
154 creatures vanquished.

Vanquished Creatures (collateral kills)
  2 orc wizards (D:3)
2 creatures vanquished.

Vanquished Creatures (others)
  A gnoll (D:6)
1 creature vanquished.

Grand Total: 157 creatures vanquished

Notes
Turn   | Place    | Note
-------+----------+-------------------------------------------
     0 | D:1      | spaghetti the Demonspawn Chaos Knight began the quest for
                  | the Orb.
     0 | D:1      | Reached XP level 1. HP: 18/18 MP: 1/1
     3 | D:1      | Found a faded altar of an unknown god.
    34 | D:1      | Reached skill level 1 in Dodging
   308 | D:1      | XOM: silly message
   791 | D:2      | Gained mutation: You regenerate magic rapidly. [demonic
                  | ancestry]
   791 | D:2      | Reached XP level 2. HP: 24/24 MP: 2/2
   914 | D:2      | XOM: 1-stop teleportation journey
   960 | D:2      | Reached XP level 3. HP: 25/29 MP: 3/3
  1152 | D:2      | XOM: noise
  1235 | D:2      | Gained mutation: You have large cloven feet. [demonic
                  | ancestry]
  1235 | D:2      | Reached XP level 4. HP: 36/37 MP: 4/4
  1533 | D:3      | Reached skill level 4 in Fighting
  1545 | D:3      | XOM: potion effect (invisibility)
  1549 | D:3      | XOM: confuse monster(s)
  1555 | D:3      | XOM: cast spell 'Summon Mana Viper'
  1560 | D:3      | Reached XP level 5. HP: 5/42 MP: 5/5
  1585 | D:3      | XOM: give mutations
  1585 | D:3      | Gained mutation: You are strong-willed. (Will+) [Xom's
                  | mischief]
  1585 | D:3      | Gained mutation: Your system is resistant to poisons.
                  | (rPois) [Xom's mischief]
  1585 | D:3      | Gained mutation: You are agile. (Dex +4, Str/Int -1) [Xom's
                  | mischief]
  1682 | D:3      | XOM: torment (19/42 hp)
  1801 | D:3      | Found a bloodstained altar of Trog.
  1942 | D:3      | Noticed Robin
  1976 | D:3      | XOM: give mutation
  1976 | D:3      | Gained mutation: You have a pair of small horns on your
                  | head. [Xom's mischief]
  2063 | D:3      | Found a hide-covered altar of Uskayaw.
  2150 | D:3      | XOM: god gift: murky pink potion {god gift}
  2164 | D:3      | Found a glowing drain.
  2182 | Sewer    | Entered a sewer
  2479 | Sewer    | Reached XP level 6. HP: 47/49 MP: 6/6
  2652 | Sewer    | XOM: scenery: summon butterflies
  2741 | Sewer    | Reached skill level 5 in Fighting
  2936 | Sewer    | XOM: divination: detect creatures
  3169 | D:3      | Killed Robin
  3178 | D:3      | XOM: scenery: create altars
  3528 | D:4      | Gained mutation: You may rarely emit foul miasma when
                  | damaged in melee. [demonic ancestry]
  3528 | D:4      | Reached XP level 7. HP: 49/56 MP: 7/7
  3783 | D:4      | XOM: god gift: 6 boomerangs
  3824 | D:4      | Found Ukefyej's Antique Armour Shop.
  3902 | D:4      | XOM: summons 2 hostile shadow creatures
  4270 | D:4      | XOM: stat loss: -1 Int (16/17)
  4364 | D:4      | XOM: summons 2 hostile shadow creatures
  4386 | D:5      | Entered Level 5 of the Dungeon
  4447 | D:5      | Noticed Menkaure
  4455 | D:5      | Killed Menkaure
  4456 | D:5      | Reached skill level 6 in Fighting
  4456 | D:5      | Reached skill level 5 in Armour
  4466 | D:5      | XOM: give mutation
  4466 | D:5      | Lost mutation: You are agile. (Dex +4, Str/Int -1) [Xom's
                  | mischief]
  4571 | D:5      | XOM: noise
  4576 | D:5      | Gained mutation: You have hoof-like feet. [demonic
                  | ancestry]
  4576 | D:5      | Reached XP level 8. HP: 58/64 MP: 8/8
  4653 | D:5      | Reached skill level 5 in Dodging
  4665 | D:5      | Found a hide-covered altar of Uskayaw.
  4665 | D:5      | XOM: swap monsters
  4672 | D:5      | XOM: 7-stop teleportation journey
  5438 | D:6      | XOM: silly message
  5485 | D:6      | Reached skill level 7 in Fighting
  5501 | D:6      | XOM: noise
  5775 | D:6      | XOM: 4-stop teleportation journey
  5802 | D:6      | XOM: fog
  5870 | D:6      | Gained mutation: You are partially covered in slimy green
                  | scales. (AC +2) [demonic ancestry]
  5870 | D:6      | Reached XP level 9. HP: 23/72 MP: 9/9
  5876 | D:6      | XOM: polymorph hound -> quokka
  5876 | D:6      | HP: 2/72 [gnoll sergeant/+0 trident (8)]
  5876 | D:6      | Slain by a steam dragon

Illustrated notes

Levels and vault maps discovered:
D:1:      amcnicky_arrival_double_pillar, layout_basic, basic_ecumenical_altar
D:2:      layout_rooms, feat_on_display
D:3:      layout_basic, nicolae_overflow_hidden_temple,
          mainiacjoe_overflow_surrounded_room, trog_book,
          cheibrodos_sewer_entry_sluice, uniq_robin
D:4:      nicolae_cairo_tiling_very_big, layout_cave_pods, serial_shops,
          nicolae_shop_trees, st_stairs_3,
          serial_library_regret_index_double_sided
D:5:      layout_loops_ring, serial_bayou_ford_a, minmay_ruined_shrine,
          uniq_menkaure
D:6:      layout_loops_ring

Skill      XL: |  1  2  3  4  5  6  7  8 |
---------------+-------------------------+-----
Dodging        | 1 2 3 4 6 |  6.1
Armour         | 2 3 4 5 6 |  6.3
Fighting       | 4 5 6 7 |  7.5
Long Blades    | |  2.6

Action                     |  1- 3 |  4- 6 |  7- 9 || total
---------------------------+-------+-------+-------++-------
  Melee: Falchion          |    81 |       |       ||    81
         Short sword       |    12 |   206 |   158 ||   376
         Kick              |       |    39 |    31 ||    70
         Headbutt          |       |    29 |    24 ||    53
         Punch             |       |       |     5 ||     5
    Use: Potion            |     2 |     1 |     4 ||     7
         Scroll            |     2 |     5 |     1 ||     8
   Stab: Invisible         |       |     3 |     3 ||     6
         Sleeping          |       |     1 |       ||     1
 Armour: Leather armour    |    69 |   154 |   111 ||   334
         Skin              |       |    18 |       ||    18
  Dodge: Dodged            |    71 |   196 |   135 ||   402
